 Dungeon Crawl Stone Soup version 0.27.0-1-g7a089689b8 (webtiles) character file.

Game seed: 3159401012310446948

74 xormask the Conjurer (level 4, -5/24 HPs)
             Began as a Deep Elf Conjurer on Aug 1, 2021.
             Killed by divine providence
             ... invoked by an orc priest
              (14 damage)
             ... on level 3 of the Dungeon.
             The game lasted 00:03:19 (1867 turns).

xormask the Conjurer (Deep Elf Conjurer)            Turns: 1867, Time: 00:03:20

Health: -5/24      AC:  2    Str:  4    XL:     4   Next: 10%
Magic:  12/12      EV: 12    Int: 24    God:
Gold:   82         SH:  0    Dex: 13    Spells: 5/11 levels left

rFire    . . .     SeeInvis .   (no weapon)
rCold    . . .     Faith    .   (no shield)
rNeg     . . .     Spirit   .   a - +0 robe
rPois    .         Reflect  .   (no helmet)
rElec    .         Harm     .   (no cloak)
rCorr    .         Rampage  .   (no gloves)
Will     .....                  (no boots)
Stlth    ++........             (no amulet)
HPRegen  0.08/turn              (no ring)
MPRegen  0.13/turn              (no ring)

@: no status effects
A: no striking features
a: no special abilities


You were on level 3 of the Dungeon.
You visited 1 branch of the dungeon, and saw 4 of its levels.

You collected 82 gold pieces.

Inventory:

Armour
 a - a +0 robe (worn)
Jewellery
 d - a ring of resist corrosion
Scrolls
 b - 2 scrolls of identify {unknown}
 e - a scroll of teleportation {unknown}
 f - 3 scrolls of summoning {unknown}
 h - 2 scrolls of amnesia {unknown}
Potions
 c - a potion of attraction {unknown}
 g - 2 potions of haste {unknown}


   Skills:
 - Level 2.4 Dodging
 - Level 2.4 Stealth
 + Level 4.1 Spellcasting
 * Level 5.7 Conjurations


You had 5 spell levels left.
You knew the following spells:

 Your Spells              Type           Power      Damage    Failure   Level
a - Magic Dart            Conj           100%       1d8       1%          1
b - Searing Ray           Conj           64%        3d5       1%          2
c - Dazzling Flash        Conj/Hex       36%        N/A       9%          3

Your spell library contained the following spells:

 Spells                   Type           Power      Damage    Failure   Level
 Fulminant Prism          Conj/Hex       9%         3d7       30%         4
 Iskenderun's Mystic Bla  Conj/Tloc      18%        2d6       30%         4


Dungeon Overview and Level Annotations

Branches:
Dungeon (4/15)
 Temple: D:4-7

Altars:

Annotations:
D:3 2 runed translucent doors, JBAR's ghost, amateur DsBe


Message History

Press: ? - help, Shift-Dir - straight line, f/p - hobgoblin
Aim: a hobgoblin (severely wounded, 100% to hit)
The magic dart hits the hobgoblin!
You kill the hobgoblin!
A hobgoblin comes into view.
Casting: Magic Dart (safe; 1% risk of failure)
Confirm with . or Enter, or press ? or * to list all spells.
Aiming: Magic Dart (safe; 1% risk of failure)
Press: ? - help, Shift-Dir - straight line, f - hobgoblin
Aim: a hobgoblin (wandering, hasn't noticed you, 100% to hit)
The magic dart hits the hobgoblin.
The hobgoblin is severely wounded.
The hobgoblin shouts!
Casting: Magic Dart (safe; 1% risk of failure)
Confirm with . or Enter, or press ? or * to list all spells.
Aiming: Magic Dart (safe; 1% risk of failure)
Press: ? - help, Shift-Dir - straight line, f/p - hobgoblin
Aim: a hobgoblin (severely wounded, 100% to hit)
The magic dart hits the hobgoblin!
You kill the hobgoblin!
Casting: Magic Dart (safe; 1% risk of failure)
Confirm with . or Enter, or press ? or * to list all spells.
You can't see any susceptible monsters within range! (Use Z to cast anyway.) Unknown command.
You now have 82 gold pieces (gained 10).
You open the door.
There is an open door here.
A giant cockroach, 3 orcs and 2 orc priests come into view.
The orc shouts!
The orc priest shouts!
The orc shouts!
You hear a shout!
The orc shouts!
You hear a shout!
An orc comes into view. It is wielding a +0 club.
The orc hits you from afar with a +0 trident.
There are monsters nearby!
The orc priest calls down the wrath of Beogh upon you.
Beogh smites you!
You hear a shout!
The orc priest mumbles some strange prayers to Beogh against you.
Beogh smites you!
Ouch! That really hurt!
You die...

.# #### #oo#####
.###.#.####oBo.oB#
.#≈#.≈[≈.## #o#
###.≈...#.# #.#
##≈.#≈⌠≈.# #.#
..≈....# #o#
###++### #.#
#......# #.#
####...### #@#
.......#
#######'#########
.......#
#................
.......#
#........########
.......#
#........#
.......#
#........#
#'######
#........# #.#
#..†.....# #.#
#........#


You could see an orc priest, 2 orcs and a giant cockroach.

Vanquished Creatures
  2 adders
  3 worms
  A dart slug (D:1)
  4 bats
  6 endoplasms
  2 giant cockroaches (D:2)
  2 goblins
  6 hobgoblins
  4 kobolds
  3 quokkas
  5 ball pythons
  3 frilled lizards
  2 rats
43 creatures vanquished.

Notes
Turn   | Place    | Note
-------+----------+-------------------------------------------
     0 | D:1      | xormask the Deep Elf Conjurer began the quest for the Orb.
     0 | D:1      | Reached XP level 1. HP: 10/10 MP: 6/6
   343 | D:1      | Reached XP level 2. HP: 15/15 MP: 5/8
   688 | D:1      | Reached skill level 5 in Conjurations
  1009 | D:2      | Learned a level 2 spell: Searing Ray
  1087 | D:2      | Reached XP level 3. HP: 19/19 MP: 0/10
  1339 | D:2      | Learned a level 3 spell: Dazzling Flash
  1428 | D:2      | Found a faded altar of an unknown god.
  1449 | D:2      | You fall into a shaft and drop 2 floors!
  1690 | D:3      | Reached XP level 4. HP: 24/24 MP: 9/12
  1713 | D:3      | Found a large runed translucent door.
  1714 | D:3      | Found a large runed translucent door.
  1722 | D:3      | Noticed JBAR's ghost (amateur DsBe)
  1867 | D:3      | Killed from afar by an orc priest

Illustrated notes

Levels and vault maps discovered:
D:1:      grunt_arrival_lava_bath, layout_basic
D:2:      layout_loops_ring, shapermc_ecumenical_altar_flowoftime
D:3:      minmay_door_path, layout_basic, ebering_ghost_disaster_area,
          kennysheep_minor_cross, minmay_circle_x
D:4:      layout_basic, mainiacjoe_overflow_concentric_impassable

Skill      XL: |  1  2  3 |
---------------+----------+-----
Conjurations   | 5 |  5.7
Spellcasting   | 4 |  4.1
Dodging        | |  2.4
Stealth        | |  2.4

Action                   |  1- 3 |  4- 6 || total
-------------------------+-------+-------++-------
 Cast: Magic Dart        |    74 |     6 ||    80
       Searing Ray       |     3 |       ||     3
Dodge: Dodged            |     3 |       ||     3
